 Dungeon Crawl Stone Soup version 0.20.0-8-g6b59dc7 (webtiles) character file.

15836 dobroeutro the Basher (level 12, 0/115 HPs)
             Began as a Gargoyle Fighter on June 1, 2017.
             Was a High Priest of Lugonu.
             Slain by a freezing wraith (3 damage)
             ... led by a death knight
             ... on level 11 of the Dungeon.
             The game lasted 00:23:31 (12148 turns).

dobroeutro the Basher (Gargoyle Fighter)           Turns: 12148, Time: 00:23:32

Health: 0/115      AC: 30    Str: 23    XL:     12   Next: 31%
Magic:  12/12      EV:  2    Int: 10    God:    Lugonu [*****.]
Gold:   1098       SH: 10    Dex: 15    Spells: 11/11 levels left

rFire    . . .     SeeInvis .   J - +1 mace (drain)
rCold    . . .     Gourm    .   c - +0 shield
rNeg     + + +     Faith    .   (armour currently unavailable)
rPois    ∞         Spirit   .   (helmet currently unavailable)
rElec    .         Reflect  .   (cloak currently unavailable)
rCorr    .         Harm     .   (gloves currently unavailable)
MR       .....     NoTele   +   (boots currently unavailable)
Stlth    ++........             (no amulet)
Regen    0.3/turn               P - +4 ring of protection
MPRegen  0.2/turn               B - ring of positive energy

@: agile, tree-form, slowed, very slow
A: negative energy resistance 1, petrification resistance, rot immunity, AC +8
a: Depart the Abyss, Bend Space, Banish, Corrupt, Enter the Abyss, Renounce
Religion


You were on level 11 of the Dungeon.
You worshipped Lugonu.
Lugonu was extremely pleased with you.
You were hungry.
You were a tree.
You visited 2 branches of the dungeon, and saw 13 of its levels.
You also visited: Ossuary.

You collected 1098 gold pieces.

Inventory:

Hand Weapons
 a - a +0 flail
 J - a +1 mace of draining (weapon)
 Y - a +0 morningstar
Armour
 c - a +0 shield (worn)
 p - a +0 pair of gloves (melded)
 A - a +2 scale mail of fire resistance (melded)
 I - a +0 cloak (melded)
 Q - a +0 helmet (melded)
 S - +0 acid dragon scales
Jewellery
 d - an uncursed ring of ice
 h - an uncursed ring of flight
 B - a ring of positive energy (right branch)
 P - a +4 ring of protection (left branch)
Wands
 H - a wand of confusion (14/48)
 U - a wand of disintegration (10/24)
 V - a wand of lightning (1/15)
 W - a wand of flame (29/48)
Scrolls
 e - 15 scrolls of identify
 j - 10 scrolls of remove curse
 k - 5 scrolls of enchant armour {unknown}
 n - a scroll of enchant weapon {unknown}
 o - 5 scrolls of fear {unknown}
 q - 7 scrolls of teleportation
 r - 5 scrolls of recharging {unknown}
 t - 3 scrolls of immolation {unknown}
 x - 2 scrolls of noise {unknown}
 y - 4 scrolls of magic mapping {unknown}
 C - 3 scrolls of fog {unknown}
 G - 3 scrolls of blinking {unknown}
 K - a scroll of amnesia {unknown}
 R - a scroll of holy word {unknown}
 X - a scroll of torment {unknown}
Potions
 i - 9 potions of curing
 m - 3 potions of magic
 s - 2 potions of lignification
 u - a potion of resistance {unknown}
 v - 2 potions of brilliance {unknown}
 z - 2 potions of agility
 D - a potion of berserk rage {unknown}
 E - a potion of flight
 F - 2 potions of heal wounds {unknown}
 L - a potion of experience {unknown}
 M - 2 potions of haste {unknown}
 N - a potion of ambrosia {unknown}
 O - a potion of invisibility {unknown}
 T - a potion of mutation {unknown}
Comestibles
 f - 5 bread rations
 g - a royal jelly
 l - 14 fruits
 w - 9 meat rations


   Skills:
 + Level 10.1 Fighting
 * Level 13.6 Maces & Flails
 + Level 9.6 Armour
 - Level 5.2 Dodging
 - Level 5.1 Shields


You had 11 spell levels left.
You didn't know any spells.

Dungeon Overview and Level Annotations

Branches:
Dungeon (12/15)            Temple (1/1) D:6            Lair (0/6) D:9
    Orc (0/2) D:11

Altars:
Ashenzari
Cheibriados
Dithmenos
Elyvilon
Fedhas
Gozag
Hepliaklqana
Kikubaaqudgha
Makhleb
Nemelex Xobeh
Okawaru
Qazlal
Ru
Sif Muna
Trog
Uskayaw
Vehumet
Xom
Yredelemnul
Zin
The Shining One
Lugonu

Shops:
D:5 =   D:7 *   D:8 %   D:11 (

Annotations:
D:5 Prince Ribbit


Innate Abilities, Weirdness & Mutations

You are resistant to torment.
((Your stone body is resilient. (AC +8)))
You are immune to poison.
You resist negative energy. (rN+)
((You are resistant to electric shocks. (rElec)))
((You can survive without breathing.))
You are immune to petrification.
You are immune to rotting.


Message History

You hit the freezing wraith but do no damage.
The freezing wraith is almost destroyed.
You block the freezing wraith's attack. The freezing wraith hits you!
* * * LOW HITPOINT WARNING * * *
The hound splashes around in the water.
Unknown command.
It was a potion of agility.
You feel agile all of a sudden. The hound barely misses you.
The freezing wraith hits you but does no damage. x2
The hound bites you but does no damage.
You hit the freezing wraith but do no damage.
The freezing wraith is almost destroyed.
The hound bites you but does no damage. You block the freezing wraith's attack.
The freezing wraith hits you but does no damage.
The hound bites you but does no damage.
It was a potion of flight.
Your roots keep you in place.
The freezing wraith hits you but does no damage.
The freezing wraith hits you.
You die...

......##.##......#.....#..##.#.#.
......##.##.....)#.....#..#.....#
......##.#########.....##..##.##.
.......................##.#.#.##.
.........#≈≈≈≈≈≈...≈≈≈###.#.#.#..
(........≈≈≈≈≈≈≈...≈≈≈≈##...#..##
.........≈≈≈≈≈≈≈...≈≈..##.#.#..#.
.........≈≈≈≈≈≈≈h≈≈≈≈..###.##.###
.........≈≈≈≈≈≈≈♣≈≈≈≈..###.######
.#.......≈≈≈≈≈≈≈W≈≈≈≈....[.# #≈≈≈
.#....#≈≈≈≈≈.......≈#......###≈≈≈
.#....##≈≈≈#.......#.............
.########≈##.......#....###......
.# ####.......#....# #...[.. .#
#.......#....# #...... .#
#########....# #.....# ## #....#
#######


You could see a freezing wraith and a hound.

Vanquished Creatures
  2 two-headed ogres
  A cyclops (D:11)
  4 manticores (D:11)
  The ghost of KristoblXynda the Chopper, an amateur DDFi of Makhleb (D:4)
  Grinder (D:3)
  A wraith (D:11)
  20 yaks
  A human (D:8)
  Eustachio (D:5)
  3 hogs (D:8)
  3 hungry ghosts (D:11)
  An acid dragon (D:10)
  A water moccasin (D:7)
  A sky beast (D:9)
  3 orc warriors
  2 black bears (D:9)
  3 phantoms
  2 ice beasts
  A necrophage (D:7)
  5 ogres
  5 centaurs
  3 crocodiles
  A big kobold (D:11)
  7 bullfrogs
  A gnoll sergeant (D:8)
  A wyvern skeleton (D:8)
  2 scorpions (D:4)
  7 wights (D:8)
  14 killer bees
  4 howler monkeys
  4 electric eels (D:11)
  15 crimson imps
  2 jellies
  4 hounds
  6 orc priests
  5 centaur skeletons
  8 orc wizards
  Crazy Yiuf (D:5)
  4 centaur zombies (Ossuary)
  3 bullfrog skeletons
  3 iguanas
  5 worker ants
  3 killer bee zombies (Ossuary)
  6 ogre zombies (D:11)
  2 hound zombies
  A hound skeleton (D:9)
  12 mummies
  A worker ant zombie (Ossuary)
  A howler monkey skeleton (D:3)
  13 gnolls
  14 adders
  3 shadow imps (D:8)
  An ooze (D:5)
  3 adder zombies (Ossuary)
  2 worms
  2 dart slugs (D:1)
  9 leopard geckos
  35 orcs
  8 bats
  A giant cockroach (D:1)
  2 gnoll zombies (D:5)
  6 hobgoblins
  6 jackals
  15 kobolds
  3 quokkas
  A ball python (D:1)
  4 frilled lizards
  9 goblins
  2 goblin skeletons (D:11)
  3 goblin zombies
  A hobgoblin skeleton (D:11)
  3 hobgoblin zombies
  2 jackal skeletons
  A leopard gecko zombie (Ossuary)
  4 orc skeletons (D:11)
  8 orc zombies (D:11)
  A quokka skeleton (D:4)
  2 quokka zombies (Ossuary)
  4 rats
356 creatures vanquished.

Vanquished Creatures (others)
  2 fungi (D:5)
  A withered plant (Ossuary)
3 creatures vanquished.

Grand Total: 359 creatures vanquished

Notes
Turn   | Place    | Note
-------+----------+-------------------------------------------
     0 | D:1      | dobroeutro the Gargoyle Fighter began the quest for the Orb.
     0 | D:1      | Reached XP level 1. HP: 14/14 MP: 1/1
   186 | D:1      | Reached XP level 2. HP: 17/19 MP: 2/2
   193 | D:1      | Reached skill level 3 in Maces & Flails
   343 | D:1      | Reached XP level 3. HP: 19/23 MP: 3/3
   778 | D:2      | Reached skill level 4 in Maces & Flails
   795 | D:2      | Found a radiant altar of Vehumet.
   926 | D:2      | Reached XP level 4. HP: 18/28 MP: 4/4
  1360 | D:3      | Noticed Grinder
  1378 | D:3      | Killed Grinder
  1378 | D:3      | Reached skill level 6 in Maces & Flails
  1378 | D:3      | Reached XP level 5. HP: 9/32 MP: 5/5
  1378 | D:3      | Reached XP level 6. HP: 10/37 MP: 6/6
  1564 | D:3      | Found a snail-covered altar of Cheibriados.
  2053 | D:2      | Reached skill level 7 in Maces & Flails
  2381 | D:4      | Noticed a phantom
  2448 | D:4      | Killed a phantom
  2448 | D:4      | Reached XP level 7. HP: 30/41 MP: 7/7
  2530 | D:4      | Noticed KristoblXynda's ghost (amateur DDFi)
  2539 | D:4      | Killed KristoblXynda's ghost
  2539 | D:4      | Reached skill level 8 in Maces & Flails
  2642 | D:4      | Reached skill level 1 in Dodging
  2648 | D:4      | Reached XP level 8. HP: 28/48 MP: 8/8
  2776 | D:4      | Found a sand-covered staircase.
  2821 | Ossuary  | Entered an ossuary
  3010 | Ossuary  | Reached skill level 5 in Fighting
  3010 | Ossuary  | Reached skill level 9 in Maces & Flails
  3010 | Ossuary  | Reached skill level 5 in Shields
  3010 | Ossuary  | Reached XP level 9. HP: 22/54 MP: 9/9
  3428 | D:4      | Reached skill level 5 in Armour
  3808 | D:5      | Entered Level 5 of the Dungeon
  3812 | D:5      | Found Vatref's Jewellery Emporium.
  3876 | D:5      | Noticed Eustachio
  3903 | D:5      | Killed Eustachio
  4220 | D:5      | Found a white marble altar of Elyvilon.
  4309 | D:5      | Noticed Prince Ribbit
  4697 | D:5      | Found a basalt altar of Yredelemnul.
  4997 | D:5      | Found a runed door.
  5001 | D:5      | Noticed Crazy Yiuf
  5014 | D:5      | Killed Crazy Yiuf
  5180 | D:6      | Found a deep blue altar of Sif Muna.
  5404 | D:6      | Reached skill level 10 in Maces & Flails
  5477 | D:6      | Found a glowing golden altar of the Shining One.
  5788 | D:6      | Found a staircase to the Ecumenical Temple.
  5801 | Temple   | Entered the Ecumenical Temple
  5836 | Temple   | Became a worshipper of Lugonu the Unformed
  5836 | Temple   | Reached * piety under Lugonu
  6126 | D:7      | Reached XP level 10. HP: 61/61 MP: 10/10
  6171 | D:7      | Found a shattered altar of Ashenzari.
  6171 | D:7      | Found an ancient bone altar of Kikubaaqudgha.
  6358 | D:7      | Found Kopruz's Serpentskin Sales.
  6514 | D:7      | Reached ** piety under Lugonu
  6631 | D:8      | Noticed a two-headed ogre
  6739 | D:8      | Reached skill level 11 in Maces & Flails
  7181 | D:8      | Found Cuopacon's Food Boutique.
  7243 | D:8      | Reached *** piety under Lugonu
  7296 | D:8      | Found a hazy altar of Hepliaklqana.
  7491 | D:8      | Killed a two-headed ogre
  7491 | D:8      | Reached skill level 5 in Dodging
  7491 | D:8      | Reached XP level 11. HP: 57/68 MP: 11/11
  7801 | D:9      | You fall through a shaft for 3 floors!
  7849 | D:10     | Entered Level 10 of the Dungeon
  7931 | D:9      | Found an iron altar of Okawaru.
  7931 | D:9      | Found a white marble altar of Elyvilon.
  7931 | D:9      | Found a burning altar of Makhleb.
  7931 | D:9      | Found a shadowy altar of Dithmenos.
  7941 | D:9      | Reached skill level 12 in Maces & Flails
  8906 | D:9      | Reached **** piety under Lugonu
  8989 | D:9      | Found a staircase to the Lair.
  9975 | D:11     | Found a shadowy altar of Dithmenos.
  9978 | D:11     | Noticed a manticore
  9985 | D:11     | Noticed a cyclops
 10394 | D:11     | Killed a cyclops
 10432 | D:11     | Noticed a manticore
 10707 | D:11     | Killed a manticore
 10783 | D:11     | Killed a manticore
 10783 | D:11     | Reached skill level 13 in Maces & Flails
 11007 | D:11     | Found Kos Ted's Antique Weapon Boutique.
 11020 | D:11     | Noticed a manticore
 11023 | D:11     | Noticed a manticore
 11048 | D:11     | Killed a manticore
 11058 | D:11     | Killed a manticore
 11058 | D:11     | Reached XP level 12. HP: 26/76 MP: 12/12
 11488 | D:11     | Reached ***** piety under Lugonu
 11564 | D:11     | Found a staircase to the Orcish Mines.
 11938 | D:11     | Noticed a two-headed ogre
 11950 | D:11     | Killed a two-headed ogre
 11950 | D:11     | Reached skill level 10 in Fighting
 12113 | D:12     | Noticed a death knight
 12145 | D:11     | HP: 2/115 [freezing wraith[a death knight] (7)]
 12148 | D:11     | Slain by a freezing wraith

Skill      XL: |  1  2  3  4  5  6  7  8  9 10 11 12 |
---------------+-------------------------------------+-----
Maces & Flails | 3 4 6 7 8 9 10 11 13 | 13.6
Fighting       | 4 5 6 8 9 10 | 10.1
Dodging        | 1 2 3 5 |  5.2
Shields        | 4 5 |  5.1
Armour         | 4 5 7 9 |  9.6

Action                   |  1- 3 |  4- 6 |  7- 9 | 10-12 || total
-------------------------+-------+-------+-------+-------++-------
Melee: Flail             |   123 |   168 |   467 |       ||   758
       Mace              |       |       |   125 |  1165 ||  1290
  Use: Potion            |       |       |     1 |     4 ||     5
       Scroll            |       |       |       |     5 ||     5
  Eat: Chunk             |       |     5 |     4 |    17 ||    26
       Bread ration      |       |       |     2 |     1 ||     3
       Royal jelly       |       |       |       |     8 ||     8
Armor: Scale mail        |    72 |    70 |   210 |   618 ||   970
       Skin              |       |       |       |    12 ||    12
Dodge: Dodged            |    40 |    29 |   153 |   444 ||   666
Block: Shield            |    65 |    64 |   247 |   551 ||   927
